 Dungeon Crawl Stone Soup version 0.29.0 (webtiles) character file.

Game seed: 7397138129129158476

153 gelatine the Firebug (level 5, -3/36 HPs)
             Began as a Demonspawn Fire Elementalist on Aug 24, 2022.
             Was a Follower of Dithmenos.
             Killed from afar by Ijyb (8 damage)
             ... with a puff of flame
             ... on level 3 of the Dungeon.
             The game lasted 00:05:36 (3377 turns).

gelatine the Firebug (Demonspawn Fire Elementalist) Turns: 3377, Time: 00:05:36

Health: -3/36      AC:  3    Str:  9    XL:     5   Next: 12%
Magic:  0/9        EV: 12    Int: 18    God:    Dithmenos [*.....]
Gold:   30         SH:  0    Dex: 13    Spells: 6/9 levels left

rFire   . . .      SeeInvis .   c - +0 dagger
rCold   . . .      Faith    .   (no shield)
rNeg    . . .      Spirit   .   a - +0 robe
rPois   .          Reflect  .   (helmet restricted)
rElec   .          Harm     .   (no cloak)
rCorr   .          Rampage  .   d - +0 pair of gloves
Will    .....                   (no boots)
Stlth   ++........              (no amulet)
HPRegen 0.12/turn               (no ring)
MPRegen 0.11/turn               (no ring)

@: wreathed by umbra
A: antennae 2, powered by death 1
a: Renounce Religion


You were on level 3 of the Dungeon.
You worshipped Dithmenos.
Dithmenos was aware of your devotion.
You visited 1 branch of the dungeon, and saw 3 of its levels.

You collected 30 gold pieces.

Inventory:

Hand Weapons
 c - a +0 dagger (weapon)
Missiles
 i - 5 atropa-tipped darts
Armour
 a - a +0 robe (worn)
 d - a +0 pair of gloves (worn)
Scrolls
 e - 3 scrolls of blinking {unknown}
 g - a scroll of vulnerability {unknown}
 h - 2 scrolls of identify {unknown}
 j - 3 scrolls of teleportation {unknown}
 k - a scroll of brand weapon {unknown}
 l - a scroll of immolation {unknown}
Potions
 b - a potion of magic
 m - a potion of mutation {unknown}
 n - a potion of berserk rage {unknown}
 o - a potion of might {unknown}
 p - a potion of flight {unknown}


   Skills:
 + Level 0.9 Fighting
 + Level 0.8 Short Blades
 + Level 2.1 Dodging
 + Level 2.4 Stealth
 + Level 2.9 Spellcasting
 + Level 2.1 Conjurations
 + Level 3.5 Fire Magic


You had 6 spell levels left.
You knew the following spells:

 Your Spells              Type           Power      Damage    Failure   Level
a - Foxfire               Conj/Fire      48%        2x1d6     5%          1
b - Scorch                Fire           30%        2d7       6%          2

Your spell library contained the following spells:

 Spells                   Type           Power      Damage    Failure   Level
 Conjure Flame            Conj/Fire      12%        6-21      16%         3
 Slow                     Hex            8%         N/A       17%         1
 Inner Flame              Hex/Fire       9%         N/A       24%         3
 Confusing Touch          Hex            2%         N/A       45%         3
 Vampiric Draining        Necr           2%         2d6       45%         3
 Flame Wave               Conj/Fire      12%        2d6       45%         4
 Chain Lightning          Conj/Air       3%         3d4       100%        9
 Fire Storm               Conj/Fire      6%         8d2       100%        9
 Shatter                  Erth           1%         3d5*      100%        9


Dungeon Overview and Level Annotations

Branches:
Dungeon (3/15)

Altars:
Dithmenos
Uskayaw

Annotations:
D:3 Ijyb


Innate Abilities, Weirdness & Mutations

You have a pair of antennae on your head.
You regenerate a little health from kills.


Message History

The foxfire hits Ijyb but does no damage.
Ijyb is severely wounded.
The foxfire hits Ijyb but does no damage.
Ijyb is severely wounded.
Ijyb hits you with a +4 dagger of electrocution.
You are electrocuted!
An endoplasm comes into view.
You hit Ijyb but do no damage.
Ijyb is severely wounded.
The foxfire hits Ijyb but does no damage.
Ijyb is severely wounded.
The foxfire hits Ijyb but does no damage.
Ijyb is severely wounded.
Ijyb closely misses you.
You hit Ijyb but do no damage.
Ijyb is severely wounded.
Ijyb is no longer more vulnerable to fire.
Ijyb zaps a wand.
The puff of flame hits you!
* * * LOW HITPOINT WARNING * * *
Casting: Foxfire (safe; 5% risk of failure)
Confirm with . or Enter, or press ? or * to list all spells.
You conjure some foxfire!
Ijyb closely misses you.
Your magical contamination has completely faded away.
You hit Ijyb but do no damage.
Ijyb is severely wounded.
The foxfire hits Ijyb but does no damage.
Ijyb is severely wounded.
The foxfire hits Ijyb but does no damage.
Ijyb is severely wounded.
Ijyb zaps a wand.
The puff of flame hits you.
* * * LOW HITPOINT WARNING * * *
It was a potion of curing.
You feel better.
Ijyb zaps a wand.
The puff of flame hits you.
* * * LOW HITPOINT WARNING * * *
You feel better.
Ijyb zaps a wand.
The puff of flame hits you.
* * * LOW HITPOINT WARNING * * *
You hit Ijyb but do no damage.
Ijyb is severely wounded.
Ijyb zaps a wand.
The puff of flame hits you!
You die...

............###
#...#.#.#(....#######
...#.#.#...#.......#
.. #.#.#..........)##
.......8.8.8...#
.[.............<#
##.#..#.........#
#.#..#......#.## #
#..#....@_# #
......Jg!.#
...........
............#
#....8.8.8.##
..........#
...........
......#.####


You could see Ijyb and an endoplasm.

Vanquished Creatures
  A necrophage (D:3)
  An iguana (D:3)
  An adder (D:3)
  A worm (D:3)
  2 dart slugs (D:2)
  5 ball pythons
  3 endoplasms
  2 giant cockroaches (D:3)
  3 goblins (D:1)
  3 hobgoblins
  10 jackals
  3 quokkas
  2 bats
  3 frilled lizards
  2 kobolds
  3 rats
45 creatures vanquished.

Vanquished Creatures (others)
  199 foxfires
199 creatures vanquished.

Grand Total: 244 creatures vanquished

Notes
Turn   | Place    | Note
-------+----------+-------------------------------------------
     0 | D:1      | gelatine the Demonspawn Fire Elementalist began the quest
                  | for the Orb.
     0 | D:1      | Reached XP level 1. HP: 13/13 MP: 3/3
   514 | D:1      | Reached skill level 3 in Fire Magic
   514 | D:1      | Gained mutation: You have a pair of small antennae on your
                  | head. [demonic ancestry]
   514 | D:1      | Reached XP level 2. HP: 19/19 MP: 0/5
  1362 | D:2      | Gained mutation: You regenerate a little health from kills.
                  | [demonic ancestry]
  1362 | D:2      | Reached XP level 3. HP: 19/25 MP: 0/6
  1629 | D:2      | Found a faded altar of an unknown god.
  1870 | D:2      | Prayed at the altar of an unknown god.
  1870 | D:2      | Became a worshipper of Dithmenos the Shadowed
  1870 | D:2      | Reached * piety under Dithmenos
  2655 | D:3      | Noticed a necrophage
  2679 | D:3      | Killed a necrophage
  2680 | D:3      | Gained mutation: You have a pair of antennae on your head.
                  | [demonic ancestry]
  2680 | D:3      | Reached XP level 4. HP: 20/31 MP: 1/8
  2775 | D:3      | Learned a level 2 spell: Scorch
  2992 | D:3      | Reached XP level 5. HP: 12/36 MP: 0/9
  3354 | D:3      | Found a hide-covered altar of Uskayaw.
  3361 | D:3      | Noticed Ijyb
  3377 | D:3      | Killed from afar by Ijyb

Illustrated notes

Levels and vault maps discovered:
D:1:      minmay_arrival_wavy_path, layout_basic
D:2:      layout_basic, chequers_ecumenical_altar_island
D:3:      layout_basic, eat_drink_and_be_merry_uskayaw, serial_shops, shop,
          uniq_ijyb

Skill      XL: |  1  2  3 |
---------------+----------+-----
Fire Magic     | 3 |  3.5
Dodging        | 2 |  2.1
Stealth        | 2 |  2.4
Conjurations   | 2 |  2.1
Fighting       | |  0.9
Short Blades   | |  0.8
Spellcasting   | |  2.9

Action                   |  1- 3 |  4- 6 || total
-------------------------+-------+-------++-------
Melee: Unarmed           |    18 |       ||    18
       Dagger            |    23 |    18 ||    41
 Cast: Foxfire           |    92 |    29 ||   121
       Scorch            |       |     1 ||     1
  Use: Potion            |       |     2 ||     2
Armor: Robe              |    11 |     1 ||    12
Dodge: Dodged            |    24 |    14 ||    38
